 Dungeon Crawl Stone Soup version 0.29.1-15-g9cfb28693d (webtiles) character file.

Game seed: 11027327609024084095

837 SuperSeabass the Insei (level 8, -2/69 HPs)
             Began as a Meteoran Chaos Knight on Mar 31, 2023.
             Was a Plaything of Xom.
             Killed by divine providence
             ... invoked by an orc priest
              (9 damage)
             ... on level 6 of the Dungeon.
             The game lasted 00:13:43 (1233 turns).

SuperSeabass the Insei (Meteoran Chaos Knight)      Turns: 1233, Time: 00:13:43

Health: -2/69      AC:  6    Str: 14    XL:     8   Next: 42%
Magic:  9/9        EV: 11    Int: 15    God:    Xom [*.....]
Gold:   154        SH:  0    Dex: 14    Spells: 4/7 levels left

rFire   . . .      SeeInvis .     - Unarmed
rCold   . . .      Faith    .   (no shield)
rNeg    . . .      Spirit   .   a - +2 leather armour
rPois   .          Reflect  .   (no helmet)
rElec   .          Harm     .   (no cloak)
rCorr   .          Rampage  .   k - +0 pair of gloves
Will    +....                   (no boots)
Stlth   +.........              (no amulet)
HPRegen 0.21/turn               (no ring)
MPRegen 0.11/turn               (no ring)

@: about to teleport, glowing
A: sense surroundings 1, otherworldly, glowing, explore regen
a: Renounce Religion


You were on level 6 of the Dungeon.
You worshipped Xom.
You were a special plaything of Xom.
You visited 1 branch of the dungeon, and saw 6 of its levels.

You collected 154 gold pieces.

Inventory:

Armour
 a - a +2 leather armour (worn)
 c - a +0 chain mail
 k - a +0 pair of gloves (worn)
Magical Staves
 g - a staff of conjuration
Scrolls
 j - a scroll of identify
 l - a scroll of vulnerability {unknown}
 m - a scroll of blinking {unknown}
Potions
 i - a potion of attraction
Miscellaneous
 b - a piece from Xom's chessboard (15/15) (quivered)


   Skills:
 + Level 5.4 Fighting
 - Level 2.4 Armour
 - Level 1.2 Dodging
 * Level 7.8 Unarmed Combat
 + Level 4.1 Transmutations
 - Level 4.0 Evocations


You had 4 spell levels left.
You knew the following spells:

 Your Spells              Type           Power      Damage    Failure   Level
a - Beastly Appendage     Tmut           24%        N/A       6%          1
w - Wereblood             Tmut           12%        N/A       10%         2

Your spell library contained the following spells:

 Spells                   Type           Power      Damage    Failure   Level
 Spider Form              Tmut/Pois      6%         N/A       41%         3
 Fireball                 Conj/Fire      0%         3d3       100%        5
 Iskenderun's Battlesphe  Conj           0%         2d6       100%        5
 Conjure Ball Lightning   Conj/Air       0%         3x3d6     100%        6
 Orb of Destruction       Conj           0%         9d5       100%        7


Dungeon Overview and Level Annotations

Branches:
Dungeon (6/15) Zot: 2382
 Temple: D:4-7

Altars:
Hepliaklqana
Wu Jian


Innate Abilities, Weirdness & Mutations

You passively map a small area around you.
You are easily found by Zot.
You glow in the dark.
You regain HP and MP as you explore.


Message History

You hear some strange, mumbled words.
A puff of flame appears from out of thin air!
The puff of flame hits you.
The necrophage hits you but does no damage.
You hit something. Something hits you.
You miss something.
The orc priest mumbles some strange prayers to Beogh against you.
Beogh smites you!
* * * LOW HITPOINT WARNING * * *
Something hits you.
* * * LOW HITPOINT WARNING * * *
You hit something. Something hits you but does no damage.
You barely miss something. Something hits you but does no damage.
The orc priest casts a cantrip, but nothing happens.
You miss something.
The orc priest invokes the aid of Beogh against you.
Beogh smites you!
* * * LOW HITPOINT WARNING * * *
Something hits you but does no damage.
You hit something.
Reactivating autopickup.
You feel a bit more experienced.
Your life force feels restored.
The orc priest calls down the wrath of Beogh upon you.
Beogh smites you!
* * * LOW HITPOINT WARNING * * *
Xom thinks this is hilarious!
There is an open door here.
As you read the scroll labelled PAKKAFEUFF, it crumbles to dust.
It is a scroll of enchant weapon.
You aren't carrying any weapons that can be enchanted.
As you read the scroll labelled OPPIKO FENA, it crumbles to dust.
The creatures around you are filled with an inner flame!
It was a scroll of immolation.
The orc barely misses you.
As you read the scroll labelled QACKAP QEUTEPP, it crumbles to dust.
You feel strangely unstable.
It was a scroll of teleportation.
The orc priest mumbles some strange prayers to Beogh against you.
Beogh smites you!
You die...
Xom titters!

* , * .#....' ,,
, *##......#
,#.......+ , , ,
, ** #.......# **
* #.......# #####
* , * #.......#
#...# , * *
#)......# #...###
, #.).....#
#.@...# * * * *
#o...#### ##o...#
#)#### #n...# *
** * #n# #....#
#.# #o...# *,*
#.##########....#
, *
#.....o.n..'....#
,
############....#
*** , , *
###.#.....#* ,,,


You could see a necrophage (inner flame), an orc priest (inner flame) and an orc
(inner flame).

Vanquished Creatures
  An ice beast (D:5)
  A black bear (D:4)
  An ogre (D:5)
  A phantom (D:5)
  A bullfrog (D:6)
  A necrophage (D:5)
  3 scorpions
  2 orc priests
  An iguana (D:4)
  An orc wizard (D:6)
  3 adders
  A shadow imp (D:6)
  A white imp (D:6)
  A worm (D:2)
  5 orcs
  6 endoplasms
  4 goblins
  2 hobgoblins
  3 quokkas
  A bat (D:1)
  A kobold (D:2)
  4 rats
45 creatures vanquished.

Vanquished Creatures (others)
  A plant (D:4)
1 creature vanquished.

Grand Total: 46 creatures vanquished

Notes
Turn   | Place    | Note
-------+----------+-------------------------------------------
     0 | D:1      | SuperSeabass the Meteoran Chaos Knight began the quest for
                  | the Orb.
     0 | D:1      | Reached XP level 1. HP: 19/19 MP: 2/2
   100 | D:1      | Reached XP level 2. HP: 21/26 MP: 3/3
   151 | D:1      | Reached skill level 4 in Unarmed Combat
   231 | D:2      | XOM: potion effect (berserk rage)
   235 | D:2      | Reached skill level 1 in Evocations
   246 | D:2      | Found an ornate altar of the Wu Jian Council.
   329 | D:2      | XOM: silly message
   400 | D:2      | Reached XP level 3. HP: 26/31 MP: 4/4
   412 | D:2      | Found a faded altar of an unknown god.
   559 | D:3      | XOM: potion effect (brilliance)
   663 | D:4      | Reached XP level 4. HP: 38/40 MP: 5/5
   663 | D:4      | Noticed a black bear
   670 | D:4      | XOM: potion effect (heal wounds)
   673 | D:4      | XOM: enchant monster (good)
   674 | D:4      | XOM: confuse monster(s)
   689 | D:4      | Killed a black bear
   690 | D:4      | Reached skill level 5 in Unarmed Combat
   690 | D:4      | Reached skill level 1 in Transmutations
   690 | D:4      | Reached XP level 5. HP: 46/46 MP: 6/6
   711 | D:4      | Reached XP level 6. HP: 8/52 MP: 7/7
   739 | D:4      | XOM: draining
   759 | D:4      | XOM: summons 2 hostile shadow creatures
   838 | D:4      | XOM: torment (23/45 hp)
   859 | D:4      | Reached skill level 6 in Unarmed Combat
   860 | D:5      | Entered Level 5 of the Dungeon
   867 | D:5      | Noticed an ogre
   877 | D:5      | XOM: confuse monster(s)
   878 | D:5      | Killed an ogre
   879 | D:5      | Reached XP level 7. HP: 32/60 MP: 8/8
  1006 | D:5      | XOM: blink monster(s)
  1022 | D:5      | XOM: enchant monster (bad)
  1030 | D:5      | Reached skill level 5 in Fighting
  1030 | D:5      | Reached skill level 7 in Unarmed Combat
  1030 | D:5      | Reached XP level 8. HP: 29/68 MP: 9/9
  1032 | D:5      | Learned a level 1 spell: Beastly Appendage
  1035 | D:5      | Learned a level 2 spell: Wereblood
  1102 | D:5      | Found a faded altar of an unknown god.
  1102 | D:5      | Found a hazy altar of Hepliaklqana.
  1104 | D:5      | Found a faded altar of an unknown god.
  1104 | D:5      | Found a faded altar of an unknown god.
  1222 | D:6      | HP: 1/69 [orc priest/divine providence (9)]
  1233 | D:6      | Killed from afar by an orc priest

Illustrated notes

Levels and vault maps discovered:
D:1:      dpeg_arrival_court, layout_basic, grunt_decor_fettered
D:2:      layout_loops_cross, basic_altar, shapermc_ecumenical_altar_notcrosses,
          grunt_ministairs_1
D:3:      layout_rooms, overflow_temple_1_default, minmay_distorted
D:4:      layout_cave_pools, saegor_snake_ambush
D:5:      layout_basic, nicolae_ashenzari_panopticon, grunt_gozag_statues,
          nicolae_hepliaklqana_ecumenical_no_more, uniq_sigmund
D:6:      layout_basic, hangedman_feature_mirror

Skill      XL: |  1  2  3  4  5  6  7  8 |
---------------+-------------------------+-----
Unarmed Combat | 4 5 6 7 |  7.8
Evocations     | 1 2 3 4 |  4.0
Fighting       | 4 5 |  5.4
Transmutations | 1 2 3 4 |  4.1
Armour         | |  2.4
Dodging        | |  1.2

Action                   |  1- 3 |  4- 6 |  7- 9 || total
-------------------------+-------+-------+-------++-------
Melee: Unarmed           |    89 |    72 |    86 ||   247
       Punch             |     1 |     4 |     5 ||    10
Evoke: Piece from Xom's  |       |     3 |       ||     3
  Use: Scroll            |     2 |     3 |     3 ||     8
       Potion            |     1 |     2 |     1 ||     4
 Stab: Confused          |       |     2 |       ||     2
       Petrifying        |       |     1 |       ||     1
Armor: Leather armour    |    35 |    44 |    35 ||   114
Dodge: Dodged            |    27 |    52 |    30 ||   109
